 Dungeon Crawl Stone Soup version 0.31.0-11-ge490571c62 (webtiles) character file.

Game seed: 5634648480049440705

26 mopl the Apothecary (level 3, -2/21 HPs)
             Began as an Octopode Alchemist on Feb 10, 2024.
             Slain by a kobold
             ... wielding a +0 whip
              (4 damage)
             ... on level 1 of the Dungeon.
             The game lasted 00:00:53 (568 turns).

mopl the Apothecary (Octopode Alchemist)             Turns: 568, Time: 00:00:53

Health: -2/21      AC:  1    Str:  7    XL:     3   Next: 8%
Magic:  5/6        EV: 13    Int: 19    God:
Gold:   14         SH:  0    Dex: 12    Spells: 6/7 levels left

rFire   . . .        (no weapon)
rCold   . . .        (no shield)
rNeg    . . .        (helmet restricted)
rPois   .            (no amulet)
rElec   .            (no ring)
rCorr   .            (no ring)
SInv    .            (no ring)
Will    .....        (no ring)
Stlth   +++          (no ring)
HPRegen 0.23/turn    (no ring)
MPRegen 0.10/turn    (no ring)
                     (no ring)

%: no passive effects
@: no status effects
A: almost no armour, amphibious, 8 rings, camouflage 1, gelatinous body 1,
(nimble swimmer 1), tentacles
a: no special abilities


You were on level 1 of the Dungeon.
You visited 1 branch of the dungeon, and saw 2 of its levels.

You collected 14 gold pieces.

Inventory:

Scrolls
 c - a scroll of enchant armour {unknown}
 e - a scroll of teleportation {unknown}
Potions
 a - a potion of magic
 b - 2 potions of heal wounds {unknown}
 d - a potion of might {unknown}


   Skills:
 - Level 2.0 Dodging
 - Level 2.6 Stealth
 + Level 2.5 Spellcasting
 + Level 1.8 Conjurations
 + Level 3.7 Alchemy


You had 6 spell levels left.
You knew the following spells:

 Your Spells              Type           Power      Damage    Failure   Level
a - Sting                 Conj/Alch      48%        1d6       5%          1

Your spell library contained the following spells:

 Spells                   Type           Power      Damage    Failure   Level
 Mercury Vapours          Alch/Air       18%        N/A       11%         2
 Mephitic Cloud           Conj/Alch/Air  9%         N/A       22%         3
 Ensorcelled Hibernation  Hex/Ice        4%         N/A       24%         2
 Olgreb's Toxic Radiance  Alch           16%        N/A       34%         4
 Passwall                 Erth           2%         N/A       43%         3
 Swiftness                Air            2%         N/A       43%         3
 Sticky Flame             Fire/Alch      9%         2d5       58%         4


Dungeon Overview and Level Annotations

Branches:
Dungeon (2/15)

Altars:

Annotations:
D:2 Jessica


Innate Abilities, Weirdness & Mutations

You cannot wear most types of armour.
You are amphibious.
You can wear up to eight rings at the same time.
Your skin changes colour to match your surroundings (Stealth+).
Your rubbery body absorbs attacks. (AC +1, EV +1)
((You are camouflaged when in or above water. (Stealth+)))
You have tentacles for arms and can constrict up to eight enemies at once.


Message History

Found a giant club.
Done exploring.
What level of the Dungeon? (default 1, ? - help)
There is a stone staircase leading down here.
You climb downwards.
There is a stone staircase leading up here.
There are monsters nearby!
There are monsters nearby!
The sting hits the adder.
The adder is poisoned.
The adder is lightly wounded.
The adder hisses angrily.
The kobold shouts!
The adder bites you but does no damage.
You tentacle-slap the adder. Your grab misses the adder.
The adder is moderately wounded.
The adder bites you.
You are poisoned.
The adder poisons you! The kobold hits you with a +0 whip.
Jessica the Apprentice Sorceress comes into view.
She is wielding a +1 vampiric dagger.
You miss the adder. Your grab misses the adder.
The adder is heavily wounded.
You feel sick. The adder barely misses you. The kobold hits you with a +0 whip.
Unknown command.
You feel sick. The adder barely misses you. The adder bites you.
The kobold hits you with a +0 whip.
* * * LOW HITPOINT WARNING * * *
You climb upwards.
You feel sick.
You are no longer poisoned.
There is a stone staircase leading down here.
Unknown command.
Unknown command.
You closely miss the adder. Your grab misses the adder.
The adder is heavily wounded.
The adder closely misses you. The kobold hits you with a +0 whip.
* * * LOW HITPOINT WARNING * * *
Unknown command.
You tentacle-slap the adder but do no damage.
Your grab misses the adder.
The adder is heavily wounded.
The adder misses you. The kobold hits you with a +0 whip.
You die...

............##..#####.#
........######.## #.##
....#..##
#....######..#######
.>....##
##.#####.[....#.....##
..#....###..#
##..............##
..####.....##
#................#
.###.....###
#................# ##
#.###...##
#..S.............# ####.#
###..# #K@..............#
#....# ##.#
#................# ..####
#.###................# .##
#...##..............## ##
######..........##.....###
#............##..÷.......#
#.....÷#####.##..........#
## #......#
#.##..........# .#
#......# #.....†.......#


You could see an adder (poisoned) and a kobold.

Vanquished Creatures
  5 ball pythons (D:1)
  A bat (D:1)
  2 endoplasms (D:1)
  3 goblins (D:1)
  A hobgoblin (D:1)
  3 jackals (D:1)
  A kobold (D:1)
  3 quokkas (D:1)
  A frilled lizard (D:1)
20 creatures vanquished.

Notes
Turn   | Place    | Note
-------+----------+-------------------------------------------
     0 | D:1      | mopl the Octopode Alchemist began the quest for the Orb.
     0 | D:1      | Reached XP level 1. HP: 11/11 MP: 3/3
    90 | D:1      | Reached XP level 2. HP: 9/17 MP: 1/5
   395 | D:1      | Reached XP level 3. HP: 21/21 MP: 4/6
   563 | D:2      | Noticed Jessica
   568 | D:1      | Slain by a kobold

Illustrated notes

Levels and vault maps discovered:
D:1:      evilmike_arrival_grusome_pit, layout_rooms
D:2:      layout_loops_cross, uniq_jessica

Action                     || total
---------------------------++-------
  Melee: Unarmed           ||    35
         Constrict         ||    10
         Tentacles         ||     4
   Cast: Sting             ||    22
   Stab: Sleeping          ||     1
 Armour: Skin              ||    23
  Dodge: Dodged            ||    31
